 Dungeon Crawl Stone Soup version 0.21-a0-509-gecc5317 (webtiles) character file.

110 BingusPrime the Slasher (level 4, -3/41 HPs)
             Began as a Barachi Skald on Nov 30, 2017.
             Slain by a hippogriff (4 damage)
             ... on level 2 of the Dungeon.
             The game lasted 00:07:37 (1971 turns).

BingusPrime the Slasher (Barachi Skald)             Turns: 1971, Time: 00:07:38

Health: -3/41      AC:  3    Str: 12    XL:     4   Next: 91%
Magic:  7/7        EV: 21    Int: 13    God:
Gold:   81         SH:  0    Dex: 18    Spells: 4/7 levels left

rFire    . . .     SeeInvis .   a - +0 falchion
rCold    . . .     Gourm    .   (no shield)
rNeg     . . .     Faith    .   b - +0 leather armour
rPois    .         Spirit   .   (no helmet)
rElec    .         Reflect  .   (no cloak)
rCorr    .         Harm     .   (no gloves)
MR       .....                  (no boots)
Stlth    ++........             (no amulet)
HPRegen  0.13/turn              (no ring)
MPRegen  0.10/turn              (no ring)

@: agile, can't hop, slow
A: +LOS, swims, slowness 1, strong legs 1
a: Hop


You were on level 2 of the Dungeon.
You were near starving.

You visited 1 branch of the dungeon, and saw 2 of its levels.

You collected 81 gold pieces.

Inventory:

Hand Weapons
 a - a +0 falchion (weapon)
Armour
 b - a +0 leather armour (worn)
Scrolls
 f - 2 scrolls of identify
 j - a scroll of enchant weapon
 l - a scroll of blinking {unknown}
 m - a scroll of teleportation {unknown}
Potions
 e - a potion of agility
 k - a potion of brilliance {unknown}
 n - a potion of might {unknown}
 o - a potion of heal wounds {unknown}
Books
 c - a book of Battle

   Spells                             Type                      Level
   a - Infusion                       Charms                       1
   b - Shroud of Golubria             Charms/Translocation         2
   c - Song of Slaying                Charms                       2
   d - Spectral Weapon                Hexes/Charms                 3
   e - Regeneration                   Charms/Necromancy            3
Comestibles
 d - 2 bread rations
 g - 2 meat rations


   Skills:
 + Level 6.9 Fighting
 + Level 7.1 Long Blades
 + Level 6.5 Armour
 + Level 6.2 Dodging
 - Level 2.1 Spellcasting
 - Level 3.4 Charms


You had 4 spell levels left.
You knew the following spells:

 Your Spells              Type           Power        Failure   Level  Hunger
a - Infusion              Chrm           ##..         8%          1    ##.....
b - Shroud of Golubria    Chrm/Tloc      #.........   22%         2    ###....


Dungeon Overview and Level Annotations

Branches:
Dungeon (2/15)

Altars:


Innate Abilities, Weirdness & Mutations

Shadows flee at your approach. (+LOS)
You can swim through water.
You cover ground slowly.
You can hop short distances.


Message History

The hobgoblin misses you. The hippogriff completely misses you.
You riposte.
You hit the hippogriff but do no damage.
The hippogriff barely misses you. The hippogriff claws you.
* * * LOW HITPOINT WARNING * * *
It was a potion of experience.
You feel more experienced!
Your Fighting skill gained 3 levels and is now at level 6!
Your Long Blades skill gained 4 levels and is now at level 7!
Your Armour skill gained 4 levels and is now at level 6!
Your Dodging skill gained 4 levels and is now at level 6!
You have reached level 4!
You feel agile. The hobgoblin barely misses you.
The hippogriff barely misses you. The hippogriff closely misses you.
The hippogriff claws you.
* * * LOW HITPOINT WARNING * * *
It was a potion of magic.
Magic courses through your body. The goblin misses you.
The hobgoblin barely misses you. The hippogriff closely misses you.
The hippogriff barely misses you. The hippogriff claws you.
You die...

## #.... .# ##.... .# #..... .#
#....#
(###########################.####
...(....s.g.....................>
.#############s.g..#########.####
.########## #.Hg..# #.#
..........# #.g@..# #[####
#########.# #.....# #....# #.##
#.....# ####.# #..# ###'##### #.#
### ##.# #......# #.# #<# #.#
#......# #.# #.# ###.####......#
#.# #.# #......#.....(# #.# #.#
#......#....(.# #.#


You could see a hippogriff, a giant cockroach, 2 hobgoblins and a goblin.

Vanquished Creatures
  An adder (D:2)
  An ooze (D:1)
  A worm (D:2)
  A dart slug (D:1)
  2 goblins
  A hobgoblin (D:2)
  7 jackals
  A quokka (D:2)
  A ball python (D:1)
  5 bats
  4 frilled lizards
  7 kobolds
  3 rats
35 creatures vanquished.

Notes
Turn   | Place    | Note
-------+----------+-------------------------------------------
     0 | D:1      | BingusPrime the Barachi Skald began the quest for the Orb.
     0 | D:1      | Reached XP level 1. HP: 17/17 MP: 3/3
    44 | D:1      | Reached skill level 3 in Long Blades
    45 | D:1      | Reached XP level 2. HP: 10/23 MP: 0/5
    49 | D:1      | Learned a level 2 spell: Shroud of Golubria
   640 | D:1      | Reached XP level 3. HP: 20/28 MP: 3/6
   905 | D:2      | Noticed a hippogriff
  1970 | D:2      | Reached skill level 7 in Long Blades
  1970 | D:2      | Reached XP level 4. HP: 6/41 MP: 7/7
  1970 | D:2      | HP: 1/41 [hippogriff (5)]
  1971 | D:2      | Slain by a hippogriff

Vault maps used:
D:1:      dpeg_arrival_arbitrary_b
D:2:      first_bread

Skill      XL: |  1  2  3 |
---------------+----------+-----
Long Blades    | 3 7 |  7.1
Fighting       | 6 |  6.9
Armour         | 6 |  6.5
Dodging        | 6 |  6.2
Spellcasting   | |  2.1
Charms         | |  3.4

Action                   |  1- 3 |  4- 6 || total
-------------------------+-------+-------++-------
Melee: Falchion          |   111 |       ||   111
 Cast: Infusion          |     1 |       ||     1
       Shroud of Golubri |     5 |       ||     5
 Abil: Hop               |     2 |       ||     2
  Use: Potion            |     2 |     1 ||     3
       Scroll            |     1 |       ||     1
  Eat: Chunk             |     3 |       ||     3
Armor: Leather armour    |    31 |       ||    31
Dodge: Dodged            |    93 |     7 ||   100
       Rpst.: Falchion   |    27 |       ||    27

Table legend:
 A = Spawn XP
 B = Non-spawn XP
 C = Spawn XP percentage of total XP
 D = Spawn monster count
 E = Non-spawn monster count
 F = Spawn count percentage of total count
 G = Total turns spent on level
                    A         B        C        D         E        F      G
               +---------+---------+-------+---------+---------+-------+---------
         Total |       0 |      78 |   0.0 |       0 |      35 |   0.0 |  1971
               +---------+---------+-------+---------+---------+-------+---------
           D:1 |       0 |      36 |   0.0 |       0 |      18 |   0.0 |   943
           D:2 |       0 |      42 |   0.0 |       0 |      17 |   0.0 |  1028
               +---------+---------+-------+---------+---------+-------+---------
